 Dungeon Sprint DCSS version 0.25-a0-731-g0472a16d6a (webtiles) character file.

Game seed: 10877083346737136723, levelgen mode: deterministic

648 BillyBuyo the Eclecticist (level 7, -1/38 HPs)
             Began as a Deep Elf Wizard on Apr 9, 2020.
             Was a Believer of Sif Muna.
             Slain by a two-headed ogre
             ... wielding a +0 giant spiked club
              (4 damage)
             ... in the Dungeon (Sprint IX: "|||||||||||||||||||||||||||||").
             The game lasted 00:14:00 (927 turns).

BillyBuyo the Eclecticist (Deep Elf Wizard)          Turns: 927, Time: 00:14:01

Health: -1/38      AC:  4    Str:  4    XL:     7   Next: 27%
Magic:  6/28       EV: 17    Int: 28    God:    Sif Muna [**....]
Gold:   0          SH:  0    Dex: 13    Spells: 25/38 levels left

rFire    . . .     SeeInvis .   m - staff of energy
rCold    . . .     Gourm    .   (no shield)
rNeg     . . .     Faith    .   a - +0 robe
rPois    .         Spirit   .   b - +0 hat
rElec    .         Reflect  .   (no cloak)
rCorr    .         Harm     .   p - +0 pair of gloves
MR       .....     NoTele   +   o - +0 pair of boots
Stlth    +++.......             (no amulet)
HPRegen  0.12/turn              q - +3 ring of intelligence
MPRegen  0.21/turn              r - +2 ring of evasion

@: no status effects
A: no striking features
a: Channel Magic, Renounce Religion


You were in the Dungeon.
You worshipped Sif Muna.
Sif Muna was pleased with you.
You were not hungry.

You visited 1 branch

Inventory:

Hand Weapons
 c - a +0 dagger
 n - the +2 scimitar of Righteous Fury {vorpal, rF+ rC+ Int+4}
   (You found it in the Dungeon)

   It inflicts extra damage upon your enemies.
   It affects your intelligence (+4).
   It protects you from fire.
   It protects you from cold.
Armour
 a - a +0 robe (worn)
 b - a +0 hat (worn)
 o - a +0 pair of boots (worn)
 p - a +0 pair of gloves (worn)
Magical Staves
 m - an uncursed staff of energy (weapon)
Jewellery
 q - a +3 ring of intelligence (left hand)
 r - a +2 ring of evasion (right hand)
Wands
 l - a wand of iceblast (4)
Scrolls
 i - 3 scrolls of remove curse
 j - 2 scrolls of amnesia
 k - a scroll of blinking
Potions
 e - a potion of magic
 f - a potion of invisibility
 g - a potion of heal wounds
 h - 4 potions of curing
Comestibles
 d - a ration


   Skills:
 + Level 1.2 Fighting
 + Level 1.9 Short Blades
 + Level 6.0 Dodging
 + Level 4.3 Stealth
 * Level 16.1 Spellcasting
 + Level 6.1 Conjurations
 + Level 2.1 Hexes
 + Level 1.8 Summonings
 + Level 1.3 Translocations
 + Level 2.1 Fire Magic
 + Level 1.1 Air Magic
 + Level 1.7 Evocations


You had 25 spell levels left.
You knew the following spells:

 Your Spells              Type           Power        Failure   Level  Hunger
a - Magic Dart            Conj           ####         1%          1    None
b - Conjure Flame         Conj/Fire      #####...     1%          3    None
c - Mephitic Cloud        Conj/Pois/Air  #####...     2%          3    None
d - Slow                  Hex            ####....     1%          2    None
e - Call Imp              Summ           ####....     1%          2    None
f - Blink                 Tloc           N/A          1%          2    None

Your spell library contained the following spells:

 Spells                   Type           Power        Failure   Level  Hunger


Dungeon Overview and Level Annotations

Branches:
Dungeon (1/1)

Altars:
Cheibriados
Dithmenos
Elyvilon
Fedhas
Gozag
Hepliaklqana
Kikubaaqudgha
Makhleb
Nemelex Xobeh
Okawaru
Qazlal
Ru
Sif Muna
Trog
Uskayaw
Vehumet
Wu Jian
Xom
Yredelemnul
Zin
The Shining One
Beogh
Jiyva
Lugonu


Message History

Confirm with . or Enter, or press ? or * to list all spells.
The fire begins to smolder!
The two-headed ogre shouts in stereo!
The two-headed ogre smothers the flame.
Casting: Conjure Flame (safe; 1% risk of failure)
Confirm with . or Enter, or press ? or * to list all spells.
Aiming: Magic Dart (safe; 1% risk of failure)
Press: ? - help, Shift-Dir - straight line, f/p - two-headed ogre
Aim: a two-headed ogre, wielding a +0 giant spiked club and a +0 giant club (lightly wounded)
The magic dart hits the two-headed ogre.
The two-headed ogre is moderately wounded.
The two-headed ogre hits you with a +0 giant spiked club!!
Ouch! That really hurt!
* * * LOW HITPOINT WARNING * * *
The two-headed ogre misses you.
Casting: Magic Dart (safe; 1% risk of failure)
Confirm with . or Enter, or press ? or * to list all spells.
The fire begins to smolder!
The two-headed ogre hits you with a +0 giant spiked club.
You die... ▓▓▓▓▓▓▓▓▓▓▓▓▓▓▓▓▓▓▓▓ ▓<.@O')..c.'..÷..+__ ▓▓▓▓▓▓▓▓▓▓▓▓▓▓▓▓▓▓▓▓

You could see a centaur warrior (wandering) and a two-headed ogre.

Vanquished Creatures
  A troll (D)
  A water moccasin (D)
  An orc warrior (D)
  A phantom (D)
  A scorpion (D)
  A crimson imp (D)
  A hound (D)
  An orc wizard (D)
  An iguana (D)
  An adder (D)
  A bat skeleton (D)
  2 goblins (D)
  A hobgoblin (D)
  2 bats (D)
  A jackal zombie (D)
17 creatures vanquished.

Notes
Turn   | Place    | Note
-------+----------+-------------------------------------------
     0 | D        | BillyBuyo the Deep Elf Wizard began the quest for the Orb.
     0 | D        | Reached XP level 1. HP: 10/10 MP: 7/7
     6 | D        | Reached skill level 5 in Spellcasting
    16 | D        | Reached skill level 6 in Spellcasting
   307 | D        | Noticed a phantom
   307 | D        | Noticed a scorpion
   307 | D        | Noticed a crimson imp
   328 | D        | Reached skill level 7 in Spellcasting
   328 | D        | Reached XP level 2. HP: 10/15 MP: 0/12
   332 | D        | Killed a scorpion
   332 | D        | Reached skill level 9 in Spellcasting
   332 | D        | Reached XP level 3. HP: 13/19 MP: 1/16
   348 | D        | Reached skill level 10 in Spellcasting
   348 | D        | Reached XP level 4. HP: 11/24 MP: 8/18
   367 | D        | Found a roughly hewn altar of Beogh.
   367 | D        | Found a snail-covered altar of Cheibriados.
   367 | D        | Found a shadowy altar of Dithmenos.
   367 | D        | Found a white marble altar of Elyvilon.
   367 | D        | Found a blossoming altar of Fedhas.
   367 | D        | Found an opulent altar of Gozag.
   368 | D        | Found a hazy altar of Hepliaklqana.
   369 | D        | Found a viscous altar of Jiyva.
   371 | D        | Found an ancient bone altar of Kikubaaqudgha.
   372 | D        | Found a corrupted altar of Lugonu.
   373 | D        | Found a burning altar of Makhleb.
   374 | D        | Found a sparkling altar of Nemelex Xobeh.
   375 | D        | Found an iron altar of Okawaru.
   376 | D        | Found a stormy altar of Qazlal.
   377 | D        | Found a sacrificial altar of Ru.
   378 | D        | Found a shimmering blue altar of Sif Muna.
   379 | D        | Found a bloodstained altar of Trog.
   380 | D        | Found a hide-covered altar of Uskayaw.
   381 | D        | Found a radiant altar of Vehumet.
   382 | D        | Found an ornate altar of the Wu Jian Council.
   383 | D        | Found a shimmering altar of Xom.
   384 | D        | Found a basalt altar of Yredelemnul.
   385 | D        | Found a glowing silver altar of Zin.
   386 | D        | Became a worshipper of Sif Muna the Loreminder
   387 | D        | Found a glowing golden altar of the Shining One.
   406 | D        | Got the +2 scimitar of Righteous Fury {vorpal, rF+ rC+
                  | Int+4}
   581 | D        | Learned a level 3 spell: Conjure Flame
   585 | D        | Learned a level 3 spell: Mephitic Cloud
   588 | D        | Learned a level 2 spell: Slow
   591 | D        | Learned a level 2 spell: Call Imp
   594 | D        | Learned a level 2 spell: Blink
   594 | D        | Noticed a water moccasin
   594 | D        | Noticed an orc warrior
   611 | D        | Killed a water moccasin
   611 | D        | Reached skill level 12 in Spellcasting
   611 | D        | Reached XP level 5. HP: 26/28 MP: 4/22
   614 | D        | Reached skill level 13 in Spellcasting
   619 | D        | Reached * piety under Sif Muna
   619 | D        | Reached skill level 5 in Dodging
   666 | D        | Reached skill level 1 in Short Blades
   666 | D        | Reached skill level 1 in Fire Magic
   666 | D        | Reached XP level 6. HP: 20/33 MP: 2/24
   686 | D        | Killed an orc warrior
   686 | D        | Reached ** piety under Sif Muna
   686 | D        | Reached skill level 14 in Spellcasting
   686 | D        | Reached skill level 1 in Hexes
   707 | D        | Reached skill level 1 in Fighting
   707 | D        | Reached skill level 15 in Spellcasting
   707 | D        | Reached skill level 5 in Conjurations
   707 | D        | Reached skill level 1 in Evocations
   821 | D        | Noticed a two-headed ogre
   821 | D        | Noticed a troll
   821 | D        | Noticed a centaur warrior
   821 | D        | Noticed a soldier ant
   821 | D        | Noticed a soldier ant
   834 | D        | Killed a troll
   834 | D        | Reached skill level 16 in Spellcasting
   834 | D        | Reached skill level 1 in Air Magic
   834 | D        | Reached XP level 7. HP: 14/38 MP: 8/28
   927 | D        | Slain by a two-headed ogre

Levels and vault maps discovered:
D:        linesprint [early_d, line_temple, items_1, d_10, items_2, lair_1,
          lair_end, items_3, orc_1, orc_end, items_4, d_15, swamp_1, shoals_1,
          snake_1, spider_1, d_20, vaults_1, items_5, swamp_end, shoals_end,
          snake_end, spider_end, vaults_end, d_27, items_6, zot_1, zot_end,
          crypt_end, forest_end, elf_end, slime_end, tomb_end, abyss_end,
          pan_hell_end]

Skill      XL: |  1  2  3  4  5  6 |
---------------+-------------------+-----
Spellcasting   | 7 9 10 12 13 16 | 16.1
Dodging        | 3 4 5 6 |  6.0
Stealth        | 3 4 |  4.3
Conjurations   | 2 3 4 6 |  6.1
Short Blades   | 1 |  1.9
Fire Magic     | 1 2 |  2.1
Hexes          | 2 |  2.1
Fighting       | 1 |  1.2
Evocations     | 1 |  1.7
Air Magic      | 1 |  1.1
Summonings     | |  1.8
Translocations | |  1.3

Action                   |  1- 3 |  4- 6 |  7- 9 || total
-------------------------+-------+-------+-------++-------
Melee: Dagger            |    12 |     1 |       ||    13
       Staff             |       |     3 |       ||     3
 Cast: Magic Dart        |    31 |    25 |     5 ||    61
       Conjure Flame     |       |     9 |     5 ||    14
       Slow              |       |     1 |       ||     1
       Call Imp          |       |     1 |       ||     1
       Mephitic Cloud    |       |     3 |       ||     3
       Blink             |       |     1 |     1 ||     2
Evoke: Wand              |       |     6 |       ||     6
  Use: Potion            |     6 |     2 |       ||     8
       Scroll            |     1 |       |       ||     1
 Stab: Confused          |       |     1 |       ||     1
Armor: Robe              |     5 |     2 |       ||     7
Dodge: Dodged            |    22 |    16 |     1 ||    39

Table legend:
 A = Non-vault XP
 B = Vault XP
 C = Vault XP percentage of total XP
 D = Non-vault monster count
 E = Vault monster count
 F = Vault count percentage of total count
                 A         B        C        D         E       F
            +---------+---------+-------+---------+---------+-------
      Total |       0 |     926 | 100.0 |       0 |      17 | 100.0
            +---------+---------+-------+---------+---------+-------
          D |       0 |     926 | 100.0 |       0 |      17 | 100.0
            +---------+---------+-------+---------+---------+-------
